AoeStats
← Unknown

Pilgrims

509970282Analyzed
3v3 RM · 4d ago on Sep 28, 2026· 44m 33s· 6 players
Game mode
Random Map
Map size
Normal (6 player)
Population
200
Speed
Normal
Resources
Standard
Victory
Conquest
Starting age
Dark Age
Ending age
Imperial Age
RankedLock teamsTeams togetherTeam positionsShared explorationLock speedFull tech treeHidden civsTurbo modeCheats
Victory
Defeat
🇪🇸 Saracens · Spain
1239
+14
🇨🇭 Goths · Switzerland
1185
+16
🇩🇪 Koreans · Germany
1137
+18
🇦🇷 Wu · Argentina
1227
-17
🇦🇷 Danes · Argentina
1195
-16
🇵🇪 Huns · Peru
1167
-15
Unknown
11:07 Feudal Age
14:45 Castle Age
14:00 Scale Barding Armor
14:05 Forging
14:17 Double-Bit Axe
14:15 Horse Collar
16:01 Chain Barding Armor
16:16 Iron Casting
17:54 Heavy Plow
18:29 Bow Saw
29:51 Loom
[TYN] Shamburger
4:02 Loom
13:17 Feudal Age
13:46 Fishing Lines
13:58 Town Watch
14:00 Double-Bit Axe
15:34 Fletching
18:55 Padded Archer Armor
21:22 Castle Age
22:21 Medium Warships
24:07 Careening
24:08 Clinker Construction
24:28 Bodkin Arrow
25:03 Bow Saw
34:57 Ballistics
34:41 Gillnets
35:56 Wheelbarrow
35:13 Horse Collar
36:39 Leather Archer Armor
38:12 Forging
38:02 Scale Mail Armor
38:12 Forging
38:02 Scale Mail Armor
Rototom
4:28 Loom
10:01 Feudal Age
10:33 Double-Bit Axe
15:05 Castle Age
14:49 Gold Mining
17:06 Fletching
18:18 Horse Collar
20:53 Bodkin Arrow
22:16 Bow Saw
22:49 Heavy Plow
24:31 Stone Mining
26:55 Gold Shaft Mining
30:50 Imperial Age
33:20 Elite Fire Archer
35:15 Padded Archer Armor
38:33 Conscription
39:32 Two-Man Saw
41:26 Wheelbarrow
43:27 Squires
43:13 Arson
CampaCar
8:10 Loom
10:59 Feudal Age
11:25 Double-Bit Axe
12:43 Fishing Lines
16:55 Town Watch
19:38 Castle Age
17:40 Fletching
18:02 Forging
21:20 Medium Warships
23:27 Iron Casting
22:49 Bodkin Arrow
23:07 Gillnets
29:02 Wheelbarrow
29:15 Town Patrol
29:43 Stone Mining
29:45 Gold Mining
32:26 Bloodlines
33:15 Husbandry
34:33 Light Cavalry
41:44 Imperial Age
39:33 Scale Barding Armor
42:19 Hussar
44:21 Conscription
45:31 Gold Shaft Mining
45:28 Chain Barding Armor
LaPythieDeDelphes
4:47 Loom
12:47 Feudal Age
12:54 Man-at-Arms
13:37 Double-Bit Axe
14:19 Horse Collar
15:42 Forging
18:27 Castle Age
17:15 Scale Mail Armor
19:46 Bow Saw
19:43 Fletching
20:04 Fishing Lines
21:19 Murder Holes
21:35 Masonry
21:27 Stone Mining
21:30 Gold Mining
21:55 Town Watch
22:49 Squires
23:27 Pikeman
31:40 Imperial Age
31:49 Imperial Age
29:52 Anarchy
30:54 Heavy Plow
33:06 Wheelbarrow
33:20 Chain Mail Armor
33:40 Iron Casting
32:55 Capped Ram
34:22 Conscription
35:28 Bodkin Arrow
37:11 Halberdier
37:39 Long Swordsman
41:14 Blast Furnace
41:11 Perfusion
41:48 Elite Huskarl
43:12 Crop Rotation
tHeDesiRe
4:55 Loom
11:33 Feudal Age
16:24 Castle Age
14:27 Double-Bit Axe
14:35 Gold Mining
14:38 Stone Mining
14:35 Fishing Lines
15:40 Fletching
17:36 Medium Warships
18:03 Gold Mining
18:57 Bow Saw
20:07 Bodkin Arrow
20:45 Town Watch
22:08 Ballistics
22:14 Gillnets
25:41 Scale Mail Armor
25:51 Forging
37:51 Imperial Age
38:38 Town Patrol
38:50 Bracer
39:27 Heavy Warships
42:12 Chemistry
42:23 Elite Skirmisher
44:32 Wheelbarrow
Connection lost

Rejoining the realm…

Still unreachable

The connection could not be restored.

Session expired

The server has moved on; the page needs a fresh start.